SA
PUT-IN-BAY BC @ WALLA WALLA WALLEYE
06/18/2022
 
TOP OF THE 1ST
Put-In-Bay BC batting - Pitching for Walla Walla Walleye : LHP Felipe Machado
Pitching: LHP Felipe Machado
Batting: RHB Barton Nagel 0-0: Called Strike
0-1: Foul Ball, location: 2F
0-2: Strikes out looking
Batting: RHB Carlos Trujillo 0-0: Ball
1-0: Foul Ball, location: 2F
1-1: Swinging Strike
1-2: Strikes out swinging
Batting: RHB Ed Adams 0-0: Ball
1-0: Ball
2-0: Swinging Strike
2-1: Foul Ball, location: 2F
2-2: Strikes out looking
Top of the 1st over - 0 run(s), 0 hit(s), 0 error(s), 0 left on base; Put-In-Bay 0 - Walla Walla 0
BOTTOM OF THE 1ST
Walla Walla Walleye batting - Pitching for Put-In-Bay BC : LHP José Tovar
Pitching: LHP José Tovar
Batting: RHB Warren Willis 0-0: Ground out 3-1 (Groundball, 34)
Batting: RHB Gaston Waller 0-0: Foul Ball, location: 2F
0-1: Called Strike
0-2: Strikes out looking
Batting: RHB Mario Piña 0-0: Ball
1-0: Called Strike
1-1: SINGLE (Groundball, 56D) (infield hit)
Batting: RHB Jorge Gutiérrez 0-0: Ball
1-0: Ball
2-0: Ball
3-0: Called Strike
3-1: Base on Balls
Mario Piña to second
Batting: RHB Miguel Rosales 0-0: Ground out 6-3 (Groundball, 6)
Bottom of the 1st over - 0 run(s), 1 hit(s), 0 error(s), 2 left on base; Put-In-Bay 0 - Walla Walla 0
TOP OF THE 2ND
Put-In-Bay BC batting - Pitching for Walla Walla Walleye : LHP Felipe Machado
Batting: RHB Preston Hernández 0-0: Ball
1-0: Ball
2-0: Called Strike
2-1: Swinging Strike
2-2: Foul Ball, location: 2F
2-2: Strikes out looking
Batting: RHB Eddie Davis 0-0: Called Strike
0-1: Called Strike
0-2: Foul Ball, location: 2F
0-2: Ball
1-2: Strikes out swinging
Batting: RHB Manuel Sánchez 0-0: Ball
1-0: Called Strike
1-1: Ball
2-1: SINGLE (Groundball, 4MD) (infield hit)
Batting: RHB Rocky Cantrell 0-0: Fielders Choice at 2nd, 6-4 (Groundball, 6MS)
Top of the 2nd over - 0 run(s), 1 hit(s), 0 error(s), 0 left on base; Put-In-Bay 0 - Walla Walla 0
BOTTOM OF THE 2ND
Walla Walla Walleye batting - Pitching for Put-In-Bay BC : LHP José Tovar
Batting: RHB Jorge Arreola 0-0: Ball
1-0: Called Strike
1-1: Ground out 2-3 (Groundball, 2L)
Batting: RHB David Abreu 0-0: Called Strike
0-1: Ball
1-1: Hit by Pitch
Batting: RHB Fernando Gonzáles 0-0: Ball
1-0: Ball
2-0: Called Strike
2-1: Fly out, F9 (Flyball, 9M)
Batting: RHB Nathaniel Griffin 0-0: Ball
1-0: Swinging Strike
1-1: Foul Ball, location: 2F
1-2: Ball
2-2: Fly out, F4 (Popup, 4)
Bottom of the 2nd over - 0 run(s), 0 hit(s), 0 error(s), 1 left on base; Put-In-Bay 0 - Walla Walla 0
TOP OF THE 3RD
Put-In-Bay BC batting - Pitching for Walla Walla Walleye : LHP Felipe Machado
Batting: SHB Dylan Carson 0-0: Ball
1-0: Ball
2-0: Fly out, F7 (Flyball, 7S)
Batting: LHB Dale Miller 0-0: Ground out 4-3 (Groundball, 4)
Batting: RHB Barton Nagel 0-0: Ball
1-0: Ball
2-0: Foul Ball, location: 2F
2-1: Ground out 1-3 (Groundball, 13S)
Top of the 3rd over - 0 run(s), 0 hit(s), 0 error(s), 0 left on base; Put-In-Bay 0 - Walla Walla 0
BOTTOM OF THE 3RD
Walla Walla Walleye batting - Pitching for Put-In-Bay BC : LHP José Tovar
Batting: RHB Warren Willis 0-0: Ball
1-0: Fly out, F7 (Flyball, 7M)
Batting: RHB Gaston Waller 0-0: Ball
1-0: Called Strike
1-1: SINGLE (Line Drive, 8LS)
Batting: RHB Mario Piña 0-0: Called Strike
0-1: DOUBLE (Flyball, 89M)
Gaston Waller to third
Runner from 3rd tries for Home, SAFE, no throw or cutoff
Batting: RHB Jorge Gutiérrez 0-0: Fly out, F9 (Flyball, 4D)
Batting: RHB Miguel Rosales 0-0: Ball
1-0: Ball
2-0: Fly out, F9 (Flyball, 9M)
Bottom of the 3rd over - 1 run(s), 2 hit(s), 0 error(s), 1 left on base; Put-In-Bay 0 - Walla Walla 1
TOP OF THE 4TH
Put-In-Bay BC batting - Pitching for Walla Walla Walleye : LHP Felipe Machado
Batting: RHB Carlos Trujillo 0-0: Ball
1-0: Foul Ball, location: 2F
1-1: Foul Ball, location: 2F
1-2: Strikes out looking
Batting: RHB Ed Adams 0-0: Called Strike
0-1: Foul Ball, location: 2F
0-2: Ball
1-2: Ball
2-2: Fly out, F3 (Popup, 3DF)
Batting: RHB Preston Hernández 0-0: Ground out 6-3 (Groundball, 6)
Top of the 4th over - 0 run(s), 0 hit(s), 0 error(s), 0 left on base; Put-In-Bay 0 - Walla Walla 1
BOTTOM OF THE 4TH
Walla Walla Walleye batting - Pitching for Put-In-Bay BC : LHP José Tovar
Batting: RHB Jorge Arreola 0-0: Fly out, F7 (Flyball, 78M)
Batting: RHB David Abreu 0-0: Called Strike
0-1: Called Strike
0-2: Foul Ball, location: 2F
0-2: Strikes out swinging
Batting: RHB Fernando Gonzáles 0-0: Ball
1-0: Ball
2-0: Fly out, F8 (Flyball, 8LM)
Bottom of the 4th over - 0 run(s), 0 hit(s), 0 error(s), 0 left on base; Put-In-Bay 0 - Walla Walla 1
TOP OF THE 5TH
Put-In-Bay BC batting - Pitching for Walla Walla Walleye : LHP Felipe Machado
Batting: RHB Eddie Davis 0-0: Called Strike
0-1: Ball
1-1: Foul Ball, location: 2F
1-2: Foul Ball, location: 2F
1-2: Ball
2-2: Foul Ball, location: 2F
2-2: Foul Ball, location: 2F
2-2: Strikes out looking
Batting: RHB Manuel Sánchez 0-0: Ball
1-0: Foul Ball, location: 2F
1-1: Fly out, F9 (Flyball, 89M)
Batting: RHB Rocky Cantrell 0-0: Called Strike
0-1: Swinging Strike
0-2: Ball
1-2: Foul Ball, location: 2F
1-2: Strikes out swinging
Top of the 5th over - 0 run(s), 0 hit(s), 0 error(s), 0 left on base; Put-In-Bay 0 - Walla Walla 1
BOTTOM OF THE 5TH
Walla Walla Walleye batting - Pitching for Put-In-Bay BC : LHP José Tovar
Batting: RHB Nathaniel Griffin 0-0: Ball
1-0: Ground out 4-3 (Groundball, 4M)
Batting: RHB Warren Willis 0-0: Fly out, F8 (Flyball, 8LM)
Batting: RHB Gaston Waller 0-0: Foul Ball, location: 2F
0-1: Ball
1-1: Ball
2-1: Foul Ball, location: 2F
2-2: Ball
3-2: Base on Balls
Batting: RHB Mario Piña 0-0: Ball
1-0: Fielders Choice at 2nd, U6 (Groundball, 6M)
Bottom of the 5th over - 0 run(s), 0 hit(s), 0 error(s), 1 left on base; Put-In-Bay 0 - Walla Walla 1
TOP OF THE 6TH
Put-In-Bay BC batting - Pitching for Walla Walla Walleye : LHP Felipe Machado
Batting: SHB Dylan Carson 0-0: DOUBLE (Groundball, 5L)
Batting: LHB Dale Miller 0-0: Ball
1-0: Ground out 4-3 (Groundball, 4)
Dylan Carson to third
Batting: RHB Barton Nagel 0-0: Ball
1-0: Ball
2-0: Foul Ball, location: 2F
2-1: Called Strike
2-2: Strikes out swinging
Batting: RHB Carlos Trujillo 0-0: Reaches on Catchers interference
Batting: RHB Ed Adams 0-0: Called Strike
0-1: Ball
1-1: Fly out, F7 (Flyball, 7S)
Top of the 6th over - 0 run(s), 1 hit(s), 1 error(s), 2 left on base; Put-In-Bay 0 - Walla Walla 1
BOTTOM OF THE 6TH
Walla Walla Walleye batting - Pitching for Put-In-Bay BC : LHP José Tovar
Batting: RHB Jorge Gutiérrez 0-0: Called Strike
0-1: Ball
1-1: Foul Ball, location: 2F
1-2: Foul Ball, location: 2F
1-2: Strikes out looking
Batting: RHB Miguel Rosales 0-0: Called Strike
0-1: Foul Ball, location: 2F
0-2: Foul Ball, location: 2F
0-2: Ball
1-2: Foul Ball, location: 2F
1-2: Ball
2-2: Foul Ball, location: 2F
2-2: SINGLE (Line Drive, 34D)
Batting: RHB Jorge Arreola 0-0: Ball
1-0: Called Strike
1-1: Ball
2-1: Ball
3-1: Called Strike
3-2: Strikes out swinging
Miguel Rosales is caught stealing 2nd base
Batter strikes out.
Bottom of the 6th over - 0 run(s), 1 hit(s), 0 error(s), 0 left on base; Put-In-Bay 0 - Walla Walla 1
TOP OF THE 7TH
Put-In-Bay BC batting - Pitching for Walla Walla Walleye : LHP Felipe Machado
Batting: RHB Preston Hernández 0-0: Foul Ball, location: 2F
0-1: SINGLE (Line Drive, 78S)
Pinch Hitting: RHB Jim Unknown 0-0: Ball
1-0: Foul Ball, location: 2F
1-1: SINGLE (Groundball, 34D)
Preston Hernández to second
Runner from 2nd tries for 3rd, SAFE, throw made to third
Batting: RHB Manuel Sánchez 0-0: Ball
1-0: Foul Ball, location: 2F
1-1: Foul Ball, location: 2F
1-2: Fly out, F9 (Flyball, 9LS)
Pinch Hitting: RHB Jim Unknown 0-0: Ball
1-0: Fly out, F9 (Line Drive, 9M)
Runner from 3rd tags up, SCORES, throw made
Pinch Hitting: RHB Ron Johnston 0-0: Ball
Jim Unknown is caught stealing 2nd base
Top of the 7th over - 1 run(s), 2 hit(s), 0 error(s), 0 left on base; Put-In-Bay 1 - Walla Walla 1
BOTTOM OF THE 7TH
Walla Walla Walleye batting - Pitching for Put-In-Bay BC : LHP José Tovar
Now at 1B: Jim Unknown
Now at 3B: Jim Unknown
Now at SS: Ron Johnston
Batting: RHB David Abreu 0-0: Ball
1-0: Foul Ball, location: 2F
1-1: Ball
2-1: Fly out, F4 (Popup, 34D)
Batting: RHB Fernando Gonzáles 0-0: Ground out 6-3 (Groundball, 6)
Pinch Hitting: RHB Hieu De 0-0: Called Strike
0-1: Ball
1-1: Foul Ball, location: 2F
1-2: SINGLE (Groundball, 56)
Pinch Hitting: RHB Júlio Soto 0-0: Ball
1-0: Ball
2-0: Called Strike
2-1: Fly out, F9 (Flyball, 9S)
Bottom of the 7th over - 0 run(s), 1 hit(s), 0 error(s), 1 left on base; Put-In-Bay 1 - Walla Walla 1
TOP OF THE 8TH
Put-In-Bay BC batting - Pitching for Walla Walla Walleye : LHP Felipe Machado
Now in LF: Tomás Morán
Now in CF: Tony Aguilar
Batting: RHB Ron Johnston 0-0: Foul Ball, location: 2F
0-1: Fly out, F8 (Flyball, 8RD)
Batting: LHB Dale Miller 0-0: Ball
1-0: Called Strike
1-1: Ground out U3 (Groundball, 3L)
Pinch Hitting: RHB Ken Little 0-0: Foul Ball, location: 2F
0-1: Ball
1-1: Ball
2-1: Foul Ball, location: 2F
2-2: SINGLE (Groundball, 15S) (infield hit)
Batting: RHB Carlos Trujillo 0-0: Ball
1-0: Called Strike
1-1: Ball
2-1: Ball
Ken Little steals 2nd base
3-1: Base on Balls
Pitching: RHP Juan López
Batting: RHB Ed Adams 0-0: Ball
1-0: Foul Ball, location: 2F
1-1: Called Strike
1-2: Strikes out swinging
Top of the 8th over - 0 run(s), 1 hit(s), 0 error(s), 2 left on base; Put-In-Bay 1 - Walla Walla 1
BOTTOM OF THE 8TH
Walla Walla Walleye batting - Pitching for Put-In-Bay BC : LHP José Tovar
Now in LF: Ken Little
Batting: RHB Gaston Waller 0-0: Fly out, F8 (Flyball, 8RM)
Batting: RHB Mario Piña 0-0: Called Strike
0-1: SINGLE (Groundball, 56D)
Batting: RHB Jorge Gutiérrez 0-0: Ball
Mario Piña steals 2nd base
1-0: Intentional Walk
Batting: RHB Miguel Rosales 0-0: Called Strike
0-1: Grounds into double play, 4-6-3 (Groundball, 4)
Bottom of the 8th over - 0 run(s), 1 hit(s), 0 error(s), 1 left on base; Put-In-Bay 1 - Walla Walla 1
TOP OF THE 9TH
Put-In-Bay BC batting - Pitching for Walla Walla Walleye : RHP Juan López
Pitching: RHP Manuel Pader
Batting: RHB Preston Hernández 0-0: Called Strike
0-1: Called Strike
0-2: Ball
1-2: Foul Ball, location: 2F
1-2: Strikes out looking
Batting: RHB Jim Unknown 0-0: Fly out, F4 (Line Drive, 4)
Pinch Hitting: LHB Felipe Martínez 0-0: Called Strike
0-1: Foul Ball, location: 2F
0-2: Ball
1-2: Fly out, F7 (Flyball, 7M)
Top of the 9th over - 0 run(s), 0 hit(s), 0 error(s), 0 left on base; Put-In-Bay 1 - Walla Walla 1
BOTTOM OF THE 9TH
Walla Walla Walleye batting - Pitching for Put-In-Bay BC : LHP José Tovar
Now at C: Felipe Martínez
Batting: RHB Jorge Arreola 0-0: Ball
1-0: Called Strike
1-1: SINGLE (Line Drive, 7LS)
Batting: RHB David Abreu 0-0: Bunted foul
0-1: Reached on error, E1 (Groundball, 13S)
Jorge Arreola to third
Batting: RHB Fernando Gonzáles 0-0: Fly out, F9 (Flyball, 9M)
Runner from 3rd tags up, SCORES, throw made
GAME OVER ... WALLA WALLA DEFEATS PUT
In-Bay, 2 to 1
This league is powered by Out of the Park Baseball, the baseball management simulation game for PC, Mac and Linux
Friday, April 15th, 2016 - OOTP Baseball 16.9 Build 39